 Dungeon Crawl Stone Soup version 0.25-a0-419-g7650d0de75 (webtiles) character file.

Game seed: 13521664827204507788, levelgen mode: deterministic

312 kae the Chiller (level 6, -5/42 HPs)
             Began as a Merfolk Ice Elementalist on Jan 17, 2020.
             Slain by an ogre
             ... wielding a +0 giant club
              (22 damage)
             ... on level 4 of the Dungeon.
             The game lasted 00:05:26 (4153 turns).

kae the Chiller (Merfolk Ice Elementalist)          Turns: 4153, Time: 00:05:26

Health: -5/42      AC:  4    Str:  9    XL:     6   Next: 42%
Magic:  7/11       EV: 13    Int: 16    God:
Gold:   237        SH:  0    Dex: 14    Spells: 8/12 levels left

rFire    + . .     SeeInvis .   b - +0 dagger
rCold    . . .     Gourm    .   (no shield)
rNeg     . . .     Faith    .   a - +1 robe
rPois    .         Spirit   .   (no helmet)
rElec    .         Reflect  .   (no cloak)
rCorr    .         Harm     .   (no gloves)
MR       .....                  (no boots)
Stlth    ++........             (no amulet)
HPRegen  0.14/turn              (no ring)
MPRegen  0.12/turn              (no ring)

@: no status effects
A: change form in water, swift swim, stealthy swim, rugged brown scales 1, fire
resistance 1, mutation resistance 1
a: no special abilities


You were on level 4 of the Dungeon.
You were hungry.

You visited 1 branch of the dungeon, and saw 4 of its levels.

You collected 237 gold pieces.

Inventory:

Hand Weapons
 b - a +0 dagger (weapon)
Armour
 a - a +1 robe (worn)
Jewellery
 f - an uncursed ring of ice {unknown}
 n - an uncursed amulet of regeneration {unknown}
Wands
 g - a wand of disintegration (9)
 m - a wand of enslavement (7)
Scrolls
 d - 2 scrolls of teleportation
 h - 2 scrolls of remove curse {unknown}
 j - a scroll of immolation
 k - 3 scrolls of identify
Potions
 e - 2 potions of haste
 i - a potion of cancellation
 l - 2 potions of curing
 o - 3 potions of degeneration {unknown}
Comestibles
 c - 8 rations


   Skills:
 - Level 2.6 Dodging
 - Level 2.1 Stealth
 + Level 3.7 Spellcasting
 * Level 7.2 Ice Magic


You had 8 spell levels left.
You knew the following spells:

 Your Spells              Type           Power        Failure   Level  Hunger
a - Freeze                Ice            ####         1%          1    None
b - Ozocubu's Armour      Chrm/Ice       ##......     12%         3    ###....

Your spell library contained the following spells:

 Spells                   Type           Power        Failure   Level  Hunger
 Hailstorm                Conj/Ice       ##......     36%         4    ####...
 Summon Ice Beast         Ice/Summ       ##......     36%         4    ####...


Dungeon Overview and Level Annotations

Branches:
Dungeon (4/15)
 Temple: D:4-7

Altars:
Ashenzari
Dithmenos
Fedhas
Gozag
Hepliaklqana
Kikubaaqudgha
Nemelex Xobeh
Okawaru
Ru
Wu Jian
Xom
Yredelemnul
The Shining One

Shops:
D:4 =


Innate Abilities, Weirdness & Mutations

You revert to your normal form in water.
You are very nimble and swift while swimming.
You are very stealthy in the water. (Stealth+)
You are partially covered in rugged brown scales. (AC +1, +3% HP)
Your flesh is heat resistant. (rF+)
You are somewhat resistant to further mutation.


Message History

You freeze the ogre!
The ogre is heavily wounded.
Casting: Freeze (safe; 1% risk of failure)
Confirm with . or Enter, or press ? or * to list all spells.
Aiming: Freeze (safe; 1% risk of failure)
Press: ? - help, Shift-Dir - straight line, f/p - ogre
Aim: an ogre, wielding a +0 giant club (heavily wounded)
You freeze the ogre.
The ogre is heavily wounded.
The ogre barely misses you.
Casting: Freeze (safe; 1% risk of failure)
Confirm with . or Enter, or press ? or * to list all spells.
Aiming: Freeze (safe; 1% risk of failure)
Press: ? - help, Shift-Dir - straight line, f/p - ogre
Aim: an ogre, wielding a +0 giant club (heavily wounded)
You freeze the ogre.
The ogre is severely wounded.
The ogre hits you with a +0 giant club!!
Ouch! That really hurt!
You die...

.....#.......#.........
...................###..
...............#........
...............#........
........$.............#.
.....................#.>
....................†##.
#.............#........
#.....@##..............
##...O###......###.....
##... #......###.....
#..# #........#...#. ###
##..........###
#...##...### #..###.∩##
##.# #### ###


You could see an ogre.

Vanquished Creatures
  An orc priest (D:3)
  A gnoll shaman (D:3)
  Ijyb (D:4)
  A worker ant (D:3)
  3 adders
  7 gnolls
  2 worms
  2 dart slugs
  3 leopard geckos (D:3)
  3 orcs (D:3)
  13 bats
  7 giant cockroaches
  8 goblins
  10 hobgoblins
  7 jackals (D:1)
  8 kobolds
  A quokka (D:3)
  7 frilled lizards
  A leopard gecko zombie (D:2)
  A quokka skeleton (D:4)
  6 rats
93 creatures vanquished.

Vanquished Creatures (others)
  4 toadstools (D:1)
4 creatures vanquished.

Grand Total: 97 creatures vanquished

Notes
Turn   | Place    | Note
-------+----------+-------------------------------------------
     0 | D:1      | kae the Merfolk Ice Elementalist began the quest for the
                  | Orb.
     0 | D:1      | Reached XP level 1. HP: 13/13 MP: 3/3
   108 | D:1      | Reached XP level 2. HP: 19/19 MP: 0/5
   443 | D:1      | Reached skill level 5 in Ice Magic
   541 | D:1      | Reached XP level 3. HP: 13/24 MP: 3/6
  1630 | D:2      | Reached XP level 4. HP: 30/30 MP: 5/8
  1660 | D:2      | Learned a level 3 spell: Ozocubu's Armour
  1845 | D:2      | Found a sacrificial altar of Ru.
  1846 | D:2      | Found a blossoming altar of Fedhas.
  1846 | D:2      | Found a sparkling altar of Nemelex Xobeh.
  1848 | D:2      | Found a shattered altar of Ashenzari.
  1849 | D:2      | Found a shimmering altar of Xom.
  1851 | D:2      | Found an opulent altar of Gozag.
  1852 | D:2      | Found a shadowy altar of Dithmenos.
  1950 | D:2      | Found a hazy altar of Hepliaklqana.
  2122 | D:2      | Found an ancient bone altar of Kikubaaqudgha.
  2122 | D:2      | Found an ornate altar of the Wu Jian Council.
  2589 | D:3      | Reached skill level 6 in Ice Magic
  2705 | D:3      | Reached XP level 5. HP: 31/35 MP: 5/9
  2792 | D:3      | Gained mutation: You are partially covered in rugged brown
                  | scales. (AC +1, +3% HP) [potion of mutation]
  2792 | D:3      | Gained mutation: Your flesh is heat resistant. (rF+)
                  | [potion of mutation]
  2792 | D:3      | Gained mutation: You are somewhat resistant to further
                  | mutation. [potion of mutation]
  3165 | D:3      | Found an iron altar of Okawaru.
  3475 | D:3      | Reached XP level 6. HP: 22/42 MP: 2/11
  3672 | D:3      | Reached skill level 7 in Ice Magic
  3851 | D:4      | Noticed Ijyb
  3931 | D:4      | Killed Ijyb
  4061 | D:4      | Found a basalt altar of Yredelemnul.
  4063 | D:4      | Noticed a profane servitor
  4078 | D:4      | Found a glowing golden altar of the Shining One.
  4080 | D:4      | Noticed an angel
  4125 | D:4      | Found Utaor's Jewellery Boutique.
  4153 | D:4      | Slain by an ogre

Levels and vault maps discovered:
D:1:      ldierk_walled_garden_2, layout_basic
D:2:      layout_loops_ring, nicolae_overflow_hidden_temple, minitemple,
          serial_bayou_pond_b, corexii_leaking_fountain, minmay_octomino_j4
D:3:      layout_basic, marbit_many_paths, minmay_distorted
D:4:      layout_cave_pools, grunt_temple_overflow_holy_war, led_sif_pool,
          serial_shops, shop, uniq_ijyb

Skill      XL: |  1  2  3  4  5  6 |
---------------+-------------------+-----
Ice Magic      | 5 6 7 |  7.2
Spellcasting   | 3 |  3.7
Dodging        | |  2.6
Stealth        | |  2.1

Action                   |  1- 3 |  4- 6 || total
-------------------------+-------+-------++-------
Melee: Unarmed           |    28 |       ||    28
       Dagger            |    72 |    44 ||   116
 Cast: Freeze            |    53 |    89 ||   142
       Ozocubu's Armour  |       |     4 ||     4
  Use: Scroll            |     3 |     5 ||     8
       Potion            |       |     7 ||     7
 Stab: Sleeping          |     4 |     6 ||    10
  Eat: Chunk             |     3 |     8 ||    11
Armor: Robe              |    17 |    22 ||    39
Dodge: Dodged            |    95 |    75 ||   170

Table legend:
 A = Non-vault XP
 B = Vault XP
 C = Vault XP percentage of total XP
 D = Non-vault monster count
 E = Vault monster count
 F = Vault count percentage of total count
                 A         B        C        D         E       F
            +---------+---------+-------+---------+---------+-------
      Total |     393 |      53 |  11.9 |      83 |      10 |  10.8
            +---------+---------+-------+---------+---------+-------
        D:1 |      53 |       0 |   0.0 |      33 |       0 |   0.0
        D:2 |      57 |      11 |  16.2 |      18 |       7 |  28.0
        D:3 |     236 |       4 |   1.7 |      27 |       2 |   6.9
        D:4 |      47 |      38 |  44.7 |       5 |       1 |  16.7
            +---------+---------+-------+---------+---------+-------
